 Dungeon Crawl Stone Soup version 0.18.1-6-gd335043 (webtiles) character file.

300 Kenran the Insei (level 6, -4/33 HPs)
             Began as a Vine Stalker Monk on May 17, 2016.
             Slain by a gnoll
             ... wielding a +1 whip of electrocution
              (8 damage)
             ... on level 4 of the Dungeon.
             The game lasted 00:21:31 (4512 turns).

Kenran the Insei (Vine Stalker Monk)                Turns: 4512, Time: 00:21:31

Health: -4/33      AC:  7    Str: 14    XL:     6   Next: 36%
Magic:  0/7        EV: 12    Int: 10    God:
Gold:   182        SH:  0    Dex: 18    Spells: 0 memorised, 5 levels left

rFire  . . .     SeeInvis +     l - -3 dagger (curse)
rCold  . . .     Gourm    .     n - -2 ring mail (curse)
rNeg   . . .     Faith    .     (no shield)
rPois  .         Spirit   +     s - +0 helmet
rElec  .         Dismiss  .     v - +2 cloak of Gluttony {rCorr}
rCorr  +         Reflect  .     (no gloves)
SustAt .         Harm     .     (no boots)
MR     +....                    (no amulet)
Stlth  ++........               t - ring of see invisible
                                c - ring of protection from magic

@: somewhat resistant to hostile enchantments, unstealthy
A: fangs 2, regeneration 2, magic shield, antimagic bite, no device heal 3, rot
immunity
a: no special abilities


You were on level 4 of the Dungeon.
You were hungry.

You visited 2 branches of the dungeon, and saw 6 of its levels.

You collected 182 gold pieces.

Inventory:

Hand Weapons
 e - a +0 dagger of draining
 f - a +0 hunting sling (quivered)
 l - a cursed -3 dagger (weapon)
Armour
 j - a +0 chain mail
 n - a cursed -2 ring mail (worn)
 s - a +0 helmet (worn)
 u - the +3 leather armour of Insecurity {rF+ rC+}
   (You found it on level 4 of the Dungeon)

   It protects you from fire.
   It protects you from cold.
 v - the +2 cloak of Gluttony (worn) {rCorr}
   (You found it on level 4 of the Dungeon)

   It protects you from acid and corrosion.
Jewellery
 c - a ring of protection from magic (left hand)
 t - a ring of see invisible (right hand)
Wands
 d - a wand of random effects (30/48)
Scrolls
 a - 3 scrolls of teleportation
 w - a scroll of remove curse
Potions
 h - 3 potions of cancellation
 i - a potion of might {unknown}
 k - a potion of degeneration {unknown}
 m - 2 potions of curing {unknown}
 o - a potion of brilliance {unknown}
 p - 2 potions of flight {unknown}
 r - a potion of heal wounds {unknown}
Comestibles
 b - 4 bread rations
 g - 2 beef jerkies
 q - a meat ration


   Skills:
 - Level 4.1 Fighting
 - Level 1.0 Armour
 - Level 2.4 Dodging
 - Level 2.4 Stealth
 + Level 6.3 Unarmed Combat


You had 5 spell levels left.
You didn't know any spells.

Dungeon Overview and Level Annotations

Branches:
Dungeon (5/15)             Temple (1/1) D:4

Altars:
Ashenzari
Cheibriados
Fedhas
Okawaru
Qazlal
Sif Muna
Trog
Vehumet
Xom
Yredelemnul

Annotations:
D:3 Grinder, Sigmund


Innate Abilities, Weirdness & Mutations

You have extremely sharp teeth.
You heal very quickly.
When hurt, damage is shared between your health and your magic reserves.
Your bite disrupts and absorbs the magic of your enemies.
Potions and wands cannot restore your health.
You are immune to rotting.


Message History

You are too injured to fight recklessly!
You are too injured to fight recklessly!
You are too injured to fight recklessly!
You hit the gnoll but do no damage. Your punch misses the gnoll.
The gnoll is almost dead.
The gnoll misses you.
You hit the gnoll but do no damage. Your bite misses the gnoll.
The gnoll is almost dead.
The gnoll hits you with a whip of electrocution.
* * * LOW HITPOINT WARNING * * *
You hit the gnoll but do no damage. Your bite misses the gnoll.
The gnoll is almost dead.
The gnoll barely misses you.
You hit the gnoll but do no damage. You punch the gnoll, but do no damage.
The gnoll is almost dead.
The gnoll hits you but does no damage.
The gnoll hits you with a whip of electrocution.
* * * LOW HITPOINT WARNING * * *
You are electrocuted!
You die...

#...# #.#.# #.#.#
################.#.#
.................#.#
##################.#
#####......#####...#
...............g>###
##....####.#####@#<#
#....# #.#####)#)#
##....# #...#...#.#
.[....# ###.###.#.#
......# #.....#.#
...##.# #...#.#.#
...##.# #...#.#.#
...##.# #.....#.#
#####.# #...###.#


You could see a gnoll.

Vanquished Creatures
  An iguana (D:4)
  Jessica (D:3)
  A hound skeleton (D:4)
  Robin (D:2)
  7 gnolls
  6 adders
  A worm (D:4)
  3 dart slugs
  4 giant geckos
  4 orcs
  2 giant cockroaches
  17 goblins
  12 hobgoblins
  3 jackals (D:3)
  3 quokkas
  A ball python (D:2)
  7 bats
  4 giant newts
  6 kobolds
  4 rats
  A fungus (D:3)
89 creatures vanquished.

Notes
Turn   | Place    | Note
--------------------------------------------------------------
     0 | D:1      | Kenran the Vine Stalker Monk began the quest for the Orb.
     0 | D:1      | Reached XP level 1. HP: 11/11 MP: 2/2
    68 | D:1      | Reached XP level 2. HP: 9/16 MP: 3/3
   744 | D:1      | Reached skill level 5 in Unarmed Combat
   744 | D:1      | Reached XP level 3. HP: 12/19 MP: 4/4
  1465 | D:2      | Reached XP level 4. HP: 23/23 MP: 5/5
  2019 | D:2      | Noticed Robin
  2074 | D:2      | Killed Robin
  2216 | D:3      | Found a blossoming altar of Fedhas.
  2270 | D:3      | Reached skill level 6 in Unarmed Combat
  2386 | D:3      | Reached XP level 5. HP: 27/28 MP: 6/6
  2485 | D:3      | Noticed Jessica
  2539 | D:3      | Killed Jessica
  2564 | D:3      | Noticed Grinder
  2972 | D:3      | Noticed Sigmund
  3288 | D:3      | Found a shattered altar of Ashenzari.
  3346 | D:3      | Gained mutation: You heal very quickly. [Vine Stalker growth]
  3346 | D:3      | Reached XP level 6. HP: 31/33 MP: 7/7
  3462 | D:3      | Paralysed by Grinder for 3 turns
  3656 | D:4      | Reached skill level 1 in Armour
  3744 | D:4      | Found an iron altar of Okawaru.
  3751 | D:4      | Got an emerald-encrusted leather armour
  3804 | D:4      | Got an encrusted cloak
  3824 | D:4      | Identified the +2 cloak of Gluttony {rCorr} (You found it on level 4 of the Dungeon)
  3887 | D:4      | Identified the +3 leather armour of Insecurity {rF+ rC+} (You found it on level 4 of the Dungeon)
  4112 | D:4      | Found a staircase to the Ecumenical Temple.
  4149 | Temple   | Entered the Ecumenical Temple
  4446 | D:5      | Entered Level 5 of the Dungeon
  4450 | D:5      | Found a shimmering altar of Xom.
  4512 | D:4      | Slain by a gnoll

Skill      XL: |  1  2  3  4  5  6 |
---------------+-------------------+-----
Unarmed Combat | 5 6 |  6.3
Fighting       | 4 |  4.1
Armour         | 1 |  1.0
Dodging        | |  2.4
Stealth        | |  2.4

Action                   |  1- 3 |  4- 6 || total
-------------------------+-------+-------++-------
Melee: Dagger            |   118 |   280 ||   398
       Unarmed           |     3 |       ||     3
       Bite              |    29 |    98 ||   127
       Punch             |     1 |     6 ||     7
  Use: Scroll            |     3 |     5 ||     8
 Stab: Sleeping          |     2 |       ||     2
  Eat: Chunk             |     2 |     9 ||    11
Armor: Robe              |     5 |       ||     5
       Chain mail        |    22 |   123 ||   145
       Ring mail         |       |    14 ||    14
Dodge: Dodged            |    46 |   105 ||   151
